 Dungeon Crawl Stone Soup version 0.30-a0-920-g7493c07aab (webtiles) character file.

Game seed: 9970021826077846136

9720 GloriousHammer the Fighter (level 11, -1/131 HPs)
             Began as an Ogre Cinder Acolyte on Mar 21, 2023.
             Was a Follower of Ignis.
             Slain by a cane toad (7 damage)
             ... on level 1 of the Lair of Beasts.
             The game lasted 00:23:04 (15477 turns).

GloriousHammer the Fighter (Ogre Cinder Acolyte)   Turns: 15477, Time: 00:23:05

Health: -1/131     AC: 15    Str: 22    XL:     11   Next: 50%
Magic:  12/15      EV:  8    Int: 17    God:    Ignis [*.....]
Gold:   13         SH:  0    Dex:  6    Spells: 12/16 levels left

rFire   + + .      SeeInvis .    t - +1 dire flail (protect)
rCold   . . .      Faith    .    (shield currently unavailable)
rNeg    . . .      Spirit   .    C - +0 acid dragon scales
rPois   +          Reflect  .    (helmet restricted)
rElec   .          Rampage  .    y - +0 cloak
rCorr   +                        (gloves unavailable)
Will    ++...                    (boots unavailable)
Stlth   +                        w - amulet of magic regeneration
HPRegen 0.41/turn                P - ring of poison resistance
MPRegen 0.54/turn                H - ring "Osupu" {*Slow +Blink rF+ Will+ Dex+2}

@: lethally poisoned (-1 -> -5), under a protective aura
A: large, unfitting armour, tough skin 1
a: Renounce Religion, Evoke Blink, Fiery Armour, Foxfire Swarm


You were on level 1 of the Lair of Beasts.
You worshipped Ignis.
Ignis was aware of your devotion.
You visited 2 branches of the dungeon, and saw 10 of its levels.

You collected 617 gold pieces.
You spent 604 gold pieces at shops.

Inventory:

Hand Weapons
 a - a -1 mace of flaming
 i - a +4 morningstar
 m - a +0 giant spiked club
 t - a +1 dire flail of protection (weapon)
Missiles
 c - 75 stones
 q - 3 boomerangs (quivered)
 A - 8 poisoned darts
Armour
 b - a +0 robe
 y - a +0 cloak (worn)
 C - +0 acid dragon scales (worn)
Jewellery
 w - an amulet of magic regeneration (around neck)
 H - the ring "Osupu" (right hand) {*Slow +Blink rF+ Will+ Dex+2}
   (You bought it in a shop on level 5 of the Dungeon)

   [ring of protection from fire]

   Dex:       It affects your dexterity (+2).
   rF:        It protects you from fire.
   +Blink:    It lets you blink.
   *Slow:     It may slow you when you take damage.
   Will:      It increases your willpower.
 M - a ring of magical power
 P - a ring of poison resistance (left hand)
Wands
 s - a wand of polymorph (2)
Scrolls
 f - a scroll of amnesia
 g - a scroll of fog
 j - 2 scrolls of vulnerability
 l - 5 scrolls of teleportation
 o - a scroll of magic mapping {unknown}
 p - 2 scrolls of fear {unknown}
 u - a scroll of brand weapon {unknown}
 v - a scroll of poison {unknown}
 B - a scroll of enchant armour {unknown}
 D - 2 scrolls of immolation
 F - a scroll of enchant weapon {unknown}
 G - a scroll of butterflies {unknown}
Potions
 d - 4 potions of curing
 e - 2 potions of cancellation {unknown}
 h - a potion of attraction {unknown}
 k - 2 potions of degeneration {unknown}
 n - 2 potions of brilliance
 r - a potion of lignification {unknown}
 x - a potion of ambrosia {unknown}
 z - a potion of magic {unknown}
 E - a potion of might {unknown}


   Skills:
 + Level 14.4 Fighting
 * Level 10.7 Maces & Flails
 + Level 7.3 Throwing
 - Level 3.0 Spellcasting
 - Level 4.0 Fire Magic


You had 12 spell levels left.
You knew the following spells:

 Your Spells              Type           Power      Damage    Failure   Level
a - Scorch                Fire           32%        2d7       6%          2
b - Wereblood             Tmut           2%         N/A       32%         2

Your spell library contained the following spells:

 Spells                   Type           Power      Damage    Failure   Level
 Apportation              Tloc           4%         N/A       22%         1
 Beastly Appendage        Tmut           4%         N/A       22%         1
 Necrotise                Necr           8%         1d4       22%         1
 Summon Small Mammal      Summ           8%         N/A       22%         1
 Kindle Blastsparks       Fire/Tloc/Air  14%        2d11      36%         3
 Spider Form              Tmut/Pois      2%         N/A       54%         3
 Fulminant Prism          Conj/Hex       1%         3d5       91%         4
 Iskenderun's Mystic Bla  Conj/Tloc      2%         2d3       91%         4
 Summon Ice Beast         Ice/Summ       2%         N/A       91%         4
 Lee's Rapid Deconstruct  Erth           1%         3d4*      99%         5
 Summon Mana Viper        Hex/Summ       2%         N/A       99%         5
 Monstrous Menagerie      Summ           1%         N/A       100%        7


Dungeon Overview and Level Annotations

Branches:
Dungeon (8/15)             Temple (0/1) D:6            Lair (2/5) D:8
  Swamp: Lair:2-3    Shoals: Lair:2-3     Snake: Lair:2-3    Spider: Lair:2-3

Altars:
Trog
Xom

Shops:
D:5 =

Annotations:
D:7 dig potion
Lair:1 1 exclusion


Innate Abilities, Weirdness & Mutations

You are too large for most types of armour.
You have tough skin. (AC +1)


Message History

Unknown command.
You climb downwards.
You feel a wave of frost pass over you.
There is an entrance to an ice cave on this level.
Hurry and find it before the portal melts!
You hear a distant snort.
Hark!
There is a gateway to a gauntlet on this level.
Find the entrance quickly before the gate is sealed!
The walls and floor vibrate strangely for a moment.
You hear the loud crackling of a distant melting archway.
The rime drake hisses angrily.
The cane toad stings you!! The blink frog hits you!
The rime drake breathes ice at you. The icy flash freeze misses you.
The cane toad stings you!
You are poisoned.
The cane toad poisons you!
The blink frog hits you but does no damage.
There is a stone staircase leading up, spattered with blood here.
You feel very sick. The cane toad barely misses you. The blink frog hits you!
The rime drake breathes ice at you. The icy flash freeze misses you.
You climb upwards.
Level annotation: 1 exclusion You feel very sick.
There is a stone staircase leading down, spattered with blood here.
Unknown command.
The blink frog attacks as you move away!
The blink frog barely misses you.
You feel very sick.
There is an open door here.
You see here a rime drake skeleton.
Casting: Scorch (safe; 6% risk of failure)
Confirm with . or Enter, or press ? or * to list all spells.
Flames lash the blink frog.
The blink frog is lightly wounded.
The blink frog's fire resistance burns away.
You feel sick. The cane toad barely misses you.
The blink frog blinks!
The cane toad stings you but does no damage.
Casting: Scorch (safe; 6% risk of failure)
Confirm with . or Enter, or press ? or * to list all spells.
Flames lash the blink frog.
The blink frog is burned terribly!
The blink frog is heavily wounded.
You feel sick. The blink frog barely misses you.
The cane toad stings you but does no damage.
You closely miss the blink frog.
The blink frog is heavily wounded.
You feel sick.
The blink frog blinks!
The cane toad stings you!
Activating: Foxfire Swarm
Press: ? - help, Dir - look around, f - activate Flames leap up around you!
You feel sick.
The blink frog blinks!
The cane toad stings you!!
* * * LOW HITPOINT WARNING * * *
You are more poisoned.
The cane toad poisons you!
Your foxfire dissipates!
The cane toad attacks as you move away! The cane toad barely misses you.
You feel very sick.
The foxfire hits the cane toad but does no damage.
The foxfire hits the cane toad.
The cane toad is lightly wounded.
The foxfire hits the cane toad.
The cane toad is lightly wounded.
The foxfire hits the cane toad but does no damage.
The cane toad is lightly wounded.
The foxfire hits the cane toad.
The cane toad is lightly wounded.
The foxfire hits the cane toad but does no damage.
The cane toad is lightly wounded.
The foxfire hits the cane toad but does no damage.
The cane toad is lightly wounded.
You hit the cane toad.
Your weapon exudes an aura of protection.
The cane toad is moderately wounded.
You feel very sick.
The foxfire hits the cane toad but does no damage.
The cane toad is moderately wounded.
You hit the cane toad.
The cane toad is heavily wounded.
You feel sick. The cane toad stings you.
* * * LOW HITPOINT WARNING * * *
Casting: Scorch (safe; 6% risk of failure)
Confirm with . or Enter, or press ? or * to list all spells.
Flames lash the cane toad.
The cane toad is heavily wounded.
The cane toad's fire resistance burns away.
You feel very sick.
The cane toad stings you but does no damage.
Casting: Scorch (safe; 6% risk of failure)
Confirm with . or Enter, or press ? or * to list all spells.
Flames lash the cane toad.
The cane toad is burned terribly!
The cane toad is severely wounded.
You feel sick. The cane toad closely misses you. The cane toad stings you!
* * * LOW HITPOINT WARNING * * *
Okay, then.
Activating: Foxfire Swarm
Press: ? - help, Dir - look around, f - activate Flames leap up around you!
You feel sick.
The foxfire hits the blink frog!
The blink frog is burned terribly!
The blink frog is severely wounded.
The cane toad stings you!
You die...

##...### #...## #...##
######.'.#### #### ##.########
#...........## #... ..........#
##...........# #... .........##
#..........####... .........#
#............##... .........###
#vvv.......#..'...
.........'.#####vvv^......+.##...
.........#.##v##@F........####...
.........#....vFvvv........# #...
.........###.###vvv.......####...
#####+#### ### ######+####.##.##+
#...# #...# #######. #.### ##.###
## #..# #####Y'.### #+.. ###
#.........# #### ....
.....##....Y....# #...


You could see a cane toad (combustible, ally target) and a blink frog
(combustible, ally target).

Vanquished Creatures
  A two-headed ogre (D:6)
  Pikel (D:5)
  A black mamba (Lair:1)
  4 cane toads (Lair:1)
  A rime drake (Lair:1)
  A polar bear (Lair:1)
  6 blink frogs
  A basilisk (Lair:1)
  9 yaks
  Eustachio (D:4)
  Menkaure (D:5)
  An acid dragon (D:7)
  3 water moccasins
  Edmund (D:5)
  3 ice beasts
  2 orc warriors
  A sky beast (D:7)
  2 black bears
  2 ogres
  5 wolves (Lair:1)
  A centaur (D:8)
  A phantom (D:6)
  5 bullfrogs
  A lemure (D:5)
  5 scorpions
  4 wights (D:6)
  3 killer bees (D:8)
  3 hounds
  Crazy Yiuf (D:5)
  6 jellies
  A gnoll bouda (D:7)
  5 orc priests
  2 sleepcaps (D:6)
  6 iguanas
  5 orc wizards
  3 gnolls (D:7)
  8 adders
  A shadow imp (D:7)
  2 white imps
  An ufetubus (D:7)
  A worm (D:4)
  A dart slug (D:4)
  17 orcs
  6 ball pythons
  4 endoplasms
  3 giant cockroaches
  7 goblins
  8 hobgoblins
  3 quokkas
  A bat (D:1)
  5 frilled lizards
  3 kobolds
  6 rats
176 creatures vanquished.

Vanquished Creatures (others)
  An adder (D:5)
  36 foxfires
  2 fungi (Lair:1)
  4 plants
43 creatures vanquished.

Grand Total: 219 creatures vanquished

Notes
Turn   | Place    | Note
-------+----------+-------------------------------------------
     0 | D:1      | GloriousHammer the Ogre Cinder Acolyte began the quest for
                  | the Orb.
     0 | D:1      | Reached XP level 1. HP: 24/24 MP: 2/2
   228 | D:1      | Reached XP level 2. HP: 32/32 MP: 4/4
   362 | D:1      | Learned a level 2 spell: Scorch
   633 | D:1      | Reached XP level 3. HP: 37/40 MP: 5/5
  2177 | D:3      | Identified the +3 rapier "Boistreho" {spect, +Blink}
  2756 | D:3      | Reached XP level 4. HP: 44/49 MP: 7/7
  3413 | D:4      | Reached skill level 5 in Fighting
  3533 | D:4      | Reached XP level 5. HP: 57/57 MP: 4/9
  3765 | D:4      | Reached skill level 6 in Fighting
  3765 | D:4      | Reached XP level 6. HP: 58/67 MP: 3/10
  4002 | D:4      | Noticed an ice beast
  4010 | D:4      | Killed an ice beast
  4324 | D:4      | Reached skill level 7 in Fighting
  4374 | D:4      | Noticed Eustachio
  4387 | D:4      | Killed Eustachio
  4388 | D:4      | Reached skill level 5 in Maces & Flails
  4388 | D:4      | Reached XP level 7. HP: 19/78 MP: 3/11
  4788 | D:4      | Reached skill level 8 in Fighting
  5306 | D:5      | Entered Level 5 of the Dungeon
  5306 | D:5      | Found Usolidon's Jewellery Boutique.
  5319 | D:5      | Noticed Edmund
  5332 | D:5      | Killed Edmund
  5423 | D:5      | Reached XP level 8. HP: 63/89 MP: 5/12
  5717 | D:5      | Reached skill level 9 in Fighting
  5965 | D:5      | Noticed Pikel
  5985 | D:5      | Killed Pikel
  5986 | D:5      | Reached skill level 10 in Fighting
  6120 | D:5      | Noticed Menkaure
  6126 | D:5      | Killed Menkaure
  6127 | D:5      | Reached XP level 9. HP: 28/102 MP: 6/13
  7387 | D:5      | Found a runed translucent door.
  7388 | D:5      | Noticed Crazy Yiuf
  7394 | D:5      | Killed Crazy Yiuf
  7923 | D:6      | Reached skill level 11 in Fighting
  8002 | D:6      | Reached skill level 1 in Throwing
  8608 | D:6      | Noticed a two-headed ogre
  8615 | D:6      | HP: 1/105 [two-headed ogre/+0 giant club (23)]
  8621 | D:6      | Killed a two-headed ogre
  8622 | D:6      | Reached skill level 12 in Fighting
  9134 | D:6      | Found a staircase to the Ecumenical Temple.
  9454 | D:7      | Reached XP level 10. HP: 84/118 MP: 12/14
  9679 | D:7      | Identified the +4 kite shield of a Labyrinth {Will+ Str+2}
  9725 | D:7      | Reached skill level 5 in Throwing
 10695 | D:7      | Reached skill level 13 in Fighting
 10957 | D:7      | Learned a level 2 spell: Wereblood
 11093 | D:7      | Found a shimmering altar of Xom.
 11339 | D:8      | Identified the +0 trident of Jutut {holy, *Noise rN+ Dex+2}
 11691 | D:8      | Found a bloodstained altar of Trog.
 11911 | D:8      | Found a staircase to the Lair.
 12116 | Lair:1   | Entered Level 1 of the Lair of Beasts
 12116 | Lair:1   | Noticed a cane toad
 12126 | Lair:1   | Killed a cane toad
 13063 | Lair:1   | Noticed a cane toad
 13069 | Lair:1   | Killed a cane toad
 13592 | Lair:1   | Noticed a cane toad
 13602 | Lair:1   | Reached XP level 11. HP: 125/128 MP: 12/15
 13650 | Lair:1   | Reached skill level 10 in Maces & Flails
 13667 | Lair:1   | Reached skill level 14 in Fighting
 14058 | Lair:1   | Noticed a death yak
 14058 | Lair:1   | Noticed a death yak
 14549 | Lair:1   | Noticed a death yak
 14670 | D:5      | Bought the ring "Osupu" {*Slow +Blink rF+ Will+ Dex+2} for
                  | 604 gold pieces
 15477 | Lair:1   | HP: 6/131 [poisoned by a cane toad]
 15477 | Lair:1   | Slain by a cane toad

Illustrated notes

Levels and vault maps discovered:
D:1:      eino_arrival_druids_welcome, layout_basic
D:2:      layout_loops_ring, serial_park_tiny_pond,
          chequers_serial_rivers_room_b
D:3:      layout_loops_corners, serial_rivers, chequers_serial_rivers_micro_a,
          chequers_serial_rivers_large_a, chequers_serial_rivers_small_3,
          chequers_serial_rivers_large_b, kennysheep_generic_room_4
D:4:      layout_layer_cave, uniq_eustachio
D:5:      layout_loops_ring, serial_shops, nicolae_shop_statue_plus,
          chequers_mini_garden, lemuel_flame_loot_1, uniq_crazy_yiuf_cottage,
          uniq_edmund, uniq_pikel, uniq_menkaure
D:6:      layout_rooms, minmay_temple_entry_tees, minmay_three_doors
D:7:      layout_loops_cross, mainiacjoe_overflow_alcove_4, item_on_display_a
D:8:      layout_basic, trog_butcher_becter, dpeg_oklobed_lair, serial_aquarium,
          aquarium_bridge_square [aquarium_subvault_window,
          aquarium_subvault_bridge, aquarium_subvault_bridge,
          aquarium_subvault_bridge], aquarium_window_fake, aquarium_window_2,
          aquarium_window_2, aquarium_view_2b, aquarium_pool_2
Lair:1:   layout_roguey, st_stairs_11, chequers_serial_rivers_micro_d
Lair:2:   layout_regular_city, swamp_mist, gauntlet_entry_generic,
          portal_ice_cave_entry_ice_simulacra, grunt_megastairs_2

Skill      XL: |  1  2  3  4  5  6  7  8  9 10 11 |
---------------+----------------------------------+-----
Maces & Flails | 3 4 5 6 7 8 9 10 | 10.7
Fire Magic     | 3 4 |  4.0
Spellcasting   | 2 3 |  3.0
Fighting       | 5 6 7 8 10 12 13 14 | 14.4
Throwing       | 4 6 7 |  7.3

Action                     |  1- 3 |  4- 6 |  7- 9 | 10-12 || total
---------------------------+-------+-------+-------+-------++-------
  Melee: Mace              |   134 |    50 |     8 |       ||   192
         Dire flail        |       |       |    86 |   150 ||   236
  Throw: Stone             |       |       |     6 |       ||     6
         Boomerang         |       |       |     8 |    44 ||    52
   Cast: Scorch            |     1 |    29 |    80 |   140 ||   250
 Invoke: Fiery Armour      |       |     2 |     2 |     1 ||     5
         Foxfire Swarm     |       |       |     2 |     2 ||     4
         Rising Flame      |       |       |       |     1 ||     1
    Use: Scroll            |       |       |     8 |     2 ||    10
         Potion            |       |       |       |     2 ||     2
 Armour: Robe              |    53 |    24 |    41 |    17 ||   135
         Acid dragon scale |       |       |       |    97 ||    97
  Dodge: Dodged            |    62 |    51 |    63 |   107 ||   283
  Block: Tower shield      |     8 |       |       |       ||     8

Table legend: (Time is in decaauts)
 A = Elapsed time spent in this place.
 B = Non-inter-level travel time spent in this place.
 C = Inter-level travel time spent in this place.
 D = Time resting spent in this place.
 E = Time spent auto-exploring this place.
 F = Levels seen in this place.
 G = Mean time per level.
                   A        B        C        D        E       F      G
               +--------+--------+--------+--------+--------+-----+--------+
         Total |  15510 |  14845 |    665 |   7353 |   5600 |  10 | 1551.0 |
       Dungeon |  12614 |  12034 |    580 |   5282 |   5293 |   8 | 1576.8 |
          Lair |   2895 |   2810 |     85 |   2071 |    307 |   2 | 1447.5 |
               +--------+--------+--------+--------+--------+-----+--------+

Top non-repeatable levels by time:
  Lair:1: 2865 daAuts
     D:5: 2493 daAuts
     D:4: 1977 daAuts
     D:7: 1920 daAuts
     D:6: 1583 daAuts
     D:3: 1413 daAuts
     D:8: 1258 daAuts
     D:2: 1151 daAuts
     D:1: 817 daAuts
  Lair:2: 29 daAuts
